| TOP OF THE 1ST |
|
Bristol Pirates batting - Pitching for Helena Brewers : LHP Taek-hyun Kim
|
|
Pitching: LHP Taek-hyun Kim
|
|
|
Batting: SHB Don Hauk
|
0-0: Ball 1-0: Called Strike 1-1: Swinging Strike 1-2: Strikes out looking
|
|
Batting: SHB Ronnie Brooks
|
0-0: Foul Ball, location: 2F 0-1: Ball 1-1: Ball 2-1: Foul Ball, location: 2F 2-2: Foul Ball, location: 2F 2-2: Strikes out swinging
|
|
Batting: LHB Josh Aerni
|
0-0: Ball 1-0: Fly out, F8 (Flyball, 8RD, EV 91.9 MPH)
|
| Top of the 1st over - 0 runs, 0 hits, 0 errors, 0 left on base; Bristol 0 - Helena 0 |
| BOTTOM OF THE 1ST |
|
Helena Brewers batting - Pitching for Bristol Pirates : RHP Luis Flores
|
|
Pitching: RHP Luis Flores
|
|
|
Batting: RHB Wiliama Dana
|
0-0: Ball 1-0: Called Strike 1-1: SINGLE (Groundball, 6S, EV 70.6 MPH) (infield hit)
|
|
Batting: RHB Mohammed bin Ubaida
|
0-0: Ball Wiliama Dana steals 2nd base 1-0: Foul Ball, location: 2F 1-1: Ball 2-1: Called Strike 2-2: Foul Ball, location: 2F 2-2: Strikes out swinging
|
|
Batting: RHB Jeremy Harden
|
0-0: Called Strike 0-1: Ball 1-1: SINGLE (Line Drive, 4D, EV 98.8 MPH) Wiliama Dana to third Runner from 3rd tries for Home, throw by CF and OUT! 8-2
|
|
Batting: LHB Fumito Sakurai
|
0-0: Ball 1-0: Ball 2-0: Ball 3-0: Base on Balls Jeremy Harden to second
|
|
Batting: RHB Tony Beaumond
|
0-0: 3-RUN HOME RUN (Flyball, 78XD, EV 106.2 MPH), Distance : 412 ft
|
|
Batting: RHB Frank Pena
|
0-0: Called Strike 0-1: Ball 1-1: Foul Ball, location: 2F 1-2: Foul Ball, location: 2F 1-2: Foul Ball, location: 2F 1-2: Foul Ball, location: 2F 1-2: Foul Ball, location: 2F 1-2: Ground out 4-3 (Groundball, 4S, EV 83.8 MPH)
|
| Bottom of the 1st over - 3 runs, 3 hits, 0 errors, 0 left on base; Bristol 0 - Helena 3 |
| TOP OF THE 2ND |
|
Bristol Pirates batting - Pitching for Helena Brewers : LHP Taek-hyun Kim
|
|
Batting: RHB Ricky Alvarado
|
0-0: Foul Ball, location: 2F 0-1: Ball 1-1: Foul Ball, location: 2F 1-2: Strikes out swinging
|
|
Batting: RHB Steve Terres
|
0-0: Called Strike 0-1: Called Strike 0-2: Ball 1-2: Strikes out swinging
|
|
Batting: RHB Alex Arzate
|
0-0: Ball 1-0: Swinging Strike 1-1: Ball 2-1: Foul Ball, location: 2F 2-2: Ball 3-2: Strikes out swinging
|
| Top of the 2nd over - 0 runs, 0 hits, 0 errors, 0 left on base; Bristol 0 - Helena 3 |
| BOTTOM OF THE 2ND |
|
Helena Brewers batting - Pitching for Bristol Pirates : RHP Luis Flores
|
|
Batting: RHB Curtis Montgomery
|
0-0: Ball 1-0: Ground out 6-3 (Groundball, 6, EV 87.5 MPH)
|
|
Batting: RHB Xiao-shuang Au
|
0-0: Ball 1-0: Ball 2-0: Called Strike 2-1: Foul Ball, location: 2F 2-2: Foul Ball, location: 2F 2-2: Strikes out looking
|
|
Batting: RHB Justin Marino
|
0-0: Foul Ball, location: 2F 0-1: Called Strike 0-2: Ball 1-2: Foul Ball, location: 2F 1-2: Ball 2-2: Strikes out swinging
|
| Bottom of the 2nd over - 0 runs, 0 hits, 0 errors, 0 left on base; Bristol 0 - Helena 3 |
| TOP OF THE 3RD |
|
Bristol Pirates batting - Pitching for Helena Brewers : LHP Taek-hyun Kim
|
|
Batting: RHB Hidesuke Yoshida
|
0-0: Ball 1-0: Ball 2-0: Called Strike 2-1: Fly out, F3 (Line Drive, 3, EV 71.9 MPH)
|
|
Batting: RHB Ryan LeSueur
|
0-0: Called Strike 0-1: Ball 1-1: Ball 2-1: SINGLE (Line Drive, 3D, EV 103.1 MPH)
|
|
Batting: SHB Juan Ayala
|
0-0: Ball 1-0: SINGLE (Groundball, 5S, EV 75.0 MPH) (infield hit) Ryan LeSueur to second
|
|
Batting: SHB Don Hauk
|
0-0: Called Strike 0-1: Foul Ball, location: 2F 0-2: Ball 1-2: Ball 2-2: Fly out, F7 (Flyball, 78M, EV 90.0 MPH)
|
|
Batting: SHB Ronnie Brooks
|
0-0: Ball 1-0: Foul Ball, location: 2F 1-1: Swinging Strike 1-2: Ball 2-2: Fly out, F7 (Line Drive, 7LM, EV 91.2 MPH)
|
| Top of the 3rd over - 0 runs, 2 hits, 0 errors, 2 left on base; Bristol 0 - Helena 3 |
| BOTTOM OF THE 3RD |
|
Helena Brewers batting - Pitching for Bristol Pirates : RHP Luis Flores
|
|
Batting: RHB Wiliama Dana
|
0-0: Ball 1-0: Ball 2-0: SINGLE (Groundball, 6M, EV 104.4 MPH) (infield hit)
|
|
Batting: RHB Mohammed bin Ubaida
|
0-0: Foul Ball, location: 2F 0-1: Ball 1-1: Ball Wiliama Dana is caught stealing 2nd base 2-4 2-1: Foul Ball, location: 2F 2-2: Strikes out swinging
|
|
Batting: RHB Jeremy Harden
|
0-0: Ball 1-0: Ball 2-0: SINGLE (Flyball, 89S, EV 86.9 MPH)
|
|
Batting: LHB Fumito Sakurai
|
0-0: Called Strike 0-1: Ball 1-1: Called Strike Jeremy Harden steals 2nd base 1-2: Foul Ball, location: 2F 1-2: Ball 2-2: Foul Ball, location: 2F 2-2: Foul Ball, location: 2F 2-2: Foul Ball, location: 2F 2-2: Foul Ball, location: 2F 2-2: Strikes out swinging
|
| Bottom of the 3rd over - 0 runs, 2 hits, 0 errors, 1 left on base; Bristol 0 - Helena 3 |
| TOP OF THE 4TH |
|
Bristol Pirates batting - Pitching for Helena Brewers : LHP Taek-hyun Kim
|
|
Batting: LHB Josh Aerni
|
0-0: Ball 1-0: Ball 2-0: Foul Ball, location: 2F 2-1: Ball 3-1: Foul Ball, location: 2F 3-2: Foul Ball, location: 2F 3-2: Ground out 4-3 (Groundball, 4MD, EV 83.8 MPH)
|
|
Batting: RHB Ricky Alvarado
|
0-0: Called Strike 0-1: Fly out, F9 (Line Drive, 9, EV 90.6 MPH)
|
|
Batting: RHB Steve Terres
|
0-0: Ball 1-0: Swinging Strike 1-1: Called Strike 1-2: Ball 2-2: Ground out 4-3 (Groundball, 4, EV 87.5 MPH)
|
| Top of the 4th over - 0 runs, 0 hits, 0 errors, 0 left on base; Bristol 0 - Helena 3 |
| BOTTOM OF THE 4TH |
|
Helena Brewers batting - Pitching for Bristol Pirates : RHP Luis Flores
|
|
Batting: RHB Tony Beaumond
|
0-0: Ground out 4-3 (Groundball, 4M, EV 98.8 MPH)
|
|
Batting: RHB Frank Pena
|
0-0: Called Strike 0-1: Foul Ball, location: 2F 0-2: DOUBLE (Groundball, 5L, EV 101.9 MPH)
|
|
Batting: RHB Curtis Montgomery
|
0-0: Called Strike 0-1: Ball 1-1: Ball 2-1: Called Strike 2-2: Ball 3-2: Foul Ball, location: 2F 3-2: Base on Balls
|
|
Batting: RHB Xiao-shuang Au
|
0-0: Ball 1-0: Ball 2-0: Ball 3-0: Base on Balls Frank Pena to third Curtis Montgomery to second
|
|
Batting: RHB Justin Marino
|
0-0: Ball 1-0: Called Strike 1-1: Fielders Choice at 2nd, 5-4 (Groundball, 56D, EV 105.0 MPH) Frank Pena scores Curtis Montgomery to third
|
|
Batting: RHB Wiliama Dana
|
0-0: Ball 1-0: Ball 2-0: Called Strike 2-1: Ball Wild Pitch! Curtis Montgomery scores Justin Marino to second 3-1: Foul Ball, location: 2F 3-2: Foul Ball, location: 2F 3-2: SINGLE (Line Drive, 89M, EV 110.6 MPH) Justin Marino to third Runner from 3rd tries for Home, throw by CF and OUT! 8-2
|
| Bottom of the 4th over - 2 runs, 2 hits, 0 errors, 1 left on base; Bristol 0 - Helena 5 |
| TOP OF THE 5TH |
|
Bristol Pirates batting - Pitching for Helena Brewers : LHP Taek-hyun Kim
|
|
Batting: RHB Alex Arzate
|
0-0: Foul Ball, location: 2F 0-1: Ball 1-1: Ball 2-1: Swinging Strike 2-2: Ball 3-2: Strikes out swinging
|
|
Batting: RHB Hidesuke Yoshida
|
0-0: Ball 1-0: Called Strike 1-1: Called Strike 1-2: Strikes out swinging
|
|
Batting: RHB Ryan LeSueur
|
0-0: Called Strike 0-1: Ball 1-1: Ball 2-1: Foul Ball, location: 2F 2-2: Strikes out swinging
|
| Top of the 5th over - 0 runs, 0 hits, 0 errors, 0 left on base; Bristol 0 - Helena 5 |
| BOTTOM OF THE 5TH |
|
Helena Brewers batting - Pitching for Bristol Pirates : RHP Luis Flores
|
|
Pitching: RHP Randy Nelligan
|
|
|
Batting: RHB Mohammed bin Ubaida
|
0-0: Called Strike 0-1: Ball 1-1: Called Strike 1-2: Ball 2-2: Ball 3-2: Ground out 4-3 (Groundball, 13, EV 86.2 MPH)
|
|
Batting: RHB Jeremy Harden
|
0-0: Ball 1-0: Called Strike 1-1: Ground out 1-3 (Groundball, 23, EV 69.4 MPH)
|
|
Batting: LHB Fumito Sakurai
|
0-0: Ball 1-0: Ball 2-0: Swinging Strike 2-1: Ball 3-1: Foul Ball, location: 2F 3-2: Strikes out swinging
|
| Bottom of the 5th over - 0 runs, 0 hits, 0 errors, 0 left on base; Bristol 0 - Helena 5 |
| TOP OF THE 6TH |
|
Bristol Pirates batting - Pitching for Helena Brewers : LHP Taek-hyun Kim
|
|
Batting: SHB Juan Ayala
|
0-0: Ground out 5-3 (Groundball, 5L, EV 86.2 MPH)
|
|
Batting: SHB Don Hauk
|
0-0: Called Strike 0-1: Ball 1-1: Called Strike 1-2: SINGLE (Groundball, 5S, EV 68.1 MPH) (infield hit)
|
|
Batting: SHB Ronnie Brooks
|
0-0: Called Strike 0-1: Foul Ball, location: 2F 0-2: Strikes out swinging
|
|
Batting: LHB Josh Aerni
|
0-0: Ball 1-0: Ball Don Hauk is caught stealing 2nd base 2-6
|
| Top of the 6th over - 0 runs, 1 hit, 0 errors, 0 left on base; Bristol 0 - Helena 5 |
| BOTTOM OF THE 6TH |
|
Helena Brewers batting - Pitching for Bristol Pirates : RHP Randy Nelligan
|
|
Batting: RHB Tony Beaumond
|
0-0: SINGLE (Groundball, 6MD, EV 95.0 MPH)
|
|
Batting: RHB Frank Pena
|
0-0: Ball 1-0: Grounds into double play, 5-4-3 (Groundball, 56, EV 80.0 MPH)
|
|
Batting: RHB Curtis Montgomery
|
0-0: Ball 1-0: Swinging Strike 1-1: Foul Ball, location: 2F 1-2: Strikes out swinging
|
| Bottom of the 6th over - 0 runs, 1 hit, 0 errors, 0 left on base; Bristol 0 - Helena 5 |
| TOP OF THE 7TH |
|
Bristol Pirates batting - Pitching for Helena Brewers : LHP Taek-hyun Kim
|
|
Batting: LHB Josh Aerni
|
0-0: Called Strike 0-1: Ball 1-1: Ball 2-1: SINGLE (Groundball, 4MD, EV 94.4 MPH)
|
|
Batting: RHB Ricky Alvarado
|
0-0: Ball 1-0: Ball 2-0: Fielders Choice at 2nd, 6-4 (Groundball, 56, EV 91.2 MPH)
|
|
Batting: RHB Steve Terres
|
0-0: Swinging Strike 0-1: Foul Ball, location: 2F 0-2: Ball 1-2: Ball 2-2: Foul Ball, location: 2F 2-2: Ball 3-2: Foul Ball, location: 2F 3-2: Base on Balls Ricky Alvarado to second
|
|
Batting: RHB Alex Arzate
|
0-0: SINGLE (Groundball, 5S, EV 66.2 MPH) (infield hit) Ricky Alvarado to third Steve Terres to second
|
|
Batting: RHB Hidesuke Yoshida
|
0-0: Called Strike 0-1: Ball 1-1: Called Strike 1-2: Strikes out swinging
|
|
Batting: RHB Ryan LeSueur
|
0-0: Called Strike 0-1: Ball 1-1: Swinging Strike 1-2: Foul Ball, location: 2F 1-2: Strikes out swinging
|
| Top of the 7th over - 0 runs, 2 hits, 0 errors, 3 left on base; Bristol 0 - Helena 5 |
| BOTTOM OF THE 7TH |
|
Helena Brewers batting - Pitching for Bristol Pirates : RHP Randy Nelligan
|
|
Batting: RHB Xiao-shuang Au
|
0-0: Ball 1-0: Called Strike 1-1: Foul Ball, location: 2F 1-2: Fly out, F9 (Flyball, 89S, EV 74.4 MPH)
|
|
Batting: RHB Justin Marino
|
0-0: Ball 1-0: SINGLE (Groundball, 34D, EV 97.5 MPH)
|
|
Batting: RHB Wiliama Dana
|
0-0: Swinging Strike 0-1: Foul Ball, location: 2F 0-2: Foul Ball, location: 2F 0-2: Strikes out swinging
|
|
Batting: RHB Mohammed bin Ubaida
|
0-0: Ball 1-0: Ball 2-0: Ball 3-0: Base on Balls Justin Marino to second
|
|
Pitching: RHP Matt Wax
|
|
|
Batting: RHB Jeremy Harden
|
0-0: Ball 1-0: Ball 2-0: Ball 3-0: Called Strike 3-1: Foul Ball, location: 2F 3-2: SINGLE (Flyball, 7LS, EV 93.1 MPH) Justin Marino to third Mohammed bin Ubaida to second Justin Marino scores Mohammed bin Ubaida to third
|
|
Batting: LHB Fumito Sakurai
|
0-0: Foul Ball, location: 2F 0-1: Ball 1-1: Ball 2-1: Swinging Strike 2-2: Ball 3-2: Ground out 4-3 (Groundball, 4, EV 108.1 MPH)
|
| Bottom of the 7th over - 1 run, 2 hits, 0 errors, 2 left on base; Bristol 0 - Helena 6 |
| TOP OF THE 8TH |
|
Bristol Pirates batting - Pitching for Helena Brewers : LHP Taek-hyun Kim
|
|
Batting: SHB Juan Ayala
|
0-0: Swinging Strike 0-1: Called Strike 0-2: Strikes out looking
|
|
Batting: SHB Don Hauk
|
0-0: Ball 1-0: Swinging Strike 1-1: Swinging Strike 1-2: Strikes out swinging
|
|
Batting: SHB Ronnie Brooks
|
0-0: Called Strike 0-1: Foul Ball, location: 2F 0-2: Ball 1-2: Ground out 4-3 (Groundball, 4M, EV 101.9 MPH)
|
| Top of the 8th over - 0 runs, 0 hits, 0 errors, 0 left on base; Bristol 0 - Helena 6 |
| BOTTOM OF THE 8TH |
|
Helena Brewers batting - Pitching for Bristol Pirates : RHP Matt Wax
|
|
Batting: RHB Tony Beaumond
|
0-0: Ball 1-0: Ball 2-0: Ball 3-0: Base on Balls
|
|
Batting: RHB Frank Pena
|
0-0: Called Strike 0-1: Ball 1-1: Foul Ball, location: 2F 1-2: Ball 2-2: Ball 3-2: SINGLE (Groundball, 6MD, EV 93.8 MPH) Tony Beaumond to second
|
|
Batting: RHB Curtis Montgomery
|
0-0: Ball 1-0: SINGLE (Groundball, 6MD, EV 104.4 MPH) Tony Beaumond to third Frank Pena to second
|
|
Batting: RHB Xiao-shuang Au
|
0-0: Foul Ball, location: 2F 0-1: Foul Ball, location: 2F 0-2: Strikes out swinging
|
|
Batting: RHB Justin Marino
|
0-0: Swinging Strike 0-1: Foul Ball, location: 2F 0-2: Strikes out looking
|
|
Batting: RHB Wiliama Dana
|
0-0: Ball 1-0: Ball 2-0: Foul Ball, location: 2F 2-1: Foul Ball, location: 2F 2-2: Fly out, F9 (Flyball, 89D, EV 99.4 MPH)
|
| Bottom of the 8th over - 0 runs, 2 hits, 0 errors, 3 left on base; Bristol 0 - Helena 6 |
| TOP OF THE 9TH |
|
Bristol Pirates batting - Pitching for Helena Brewers : LHP Taek-hyun Kim
|
|
Batting: LHB Josh Aerni
|
0-0: Ball 1-0: Swinging Strike 1-1: Foul Ball, location: 2F 1-2: Strikes out looking
|
|
Batting: RHB Ricky Alvarado
|
0-0: Ground out 5-3 (Groundball, 5, EV 91.9 MPH)
|
|
Batting: RHB Steve Terres
|
0-0: Ball 1-0: Called Strike 1-1: Called Strike 1-2: Foul Ball, location: 2F 1-2: Ball 2-2: Ball 3-2: SINGLE (Line Drive, 6D, EV 105.0 MPH)
|
|
Pitching: RHP Antonio Ballesteros
|
|
|
Batting: RHB Alex Arzate
|
0-0: Fly out, F5 (Popup, 5SF, EV 67.5 MPH)
|
| Top of the 9th over - 0 runs, 1 hit, 0 errors, 1 left on base; Bristol 0 - Helena 6 |
|